[ PARTIDA AOE2 · #474589960 ]
1v1 RMVietnamitas vs Sicilians
Equipo del jugador · VICT
[ ANÁLISIS DE REPETICIÓN · EXTRAÍDO DE LA PARTIDA GRABADA ]
Feudal
12:36
Castillos
29:06
Imperial
59:35
| APM promedio | 19.7 |
| APM pico | 40 |
| eAPM promedio | 11.6 |
| Aldeanos / militares | 140 / 332 |
Foco
⚔️ 33.4% · 🌾 66.6%
Spearman ×139 · Rattan Archer ×82 · Archer ×51 · Battle Elephant ×28 · Militia ×17 · Scorpion ×7
Feudal
10:09
Castillos
33:50
Imperial
64:56
| APM promedio | 33.2 |
| APM pico | 68 |
| eAPM promedio | 15.8 |
| Aldeanos / militares | 143 / 327 |
Foco
⚔️ 45.5% · 🌾 54.5%
Skirmisher ×128 · Serjeant ×64 · Scout Cavalry ×53 · Knight ×50 · Spearman ×20 · Battering Ram ×7
Mapa de la partida
Recursos al inicio + cada clic de construcción. Línea gruesa = muro · recuadro discontinuo = muro de casas detectado. 🟡 oro · ⚪ piedra · 🟢 bayas · 🔶 jabalí · ⭕ reliquia
Inputs por minuto
— wookieesaurus teacup - - carlosgosilvamayorga
Build order — wookieesaurus teacup
Primeras 150 de 491 acciones detectadas
| 0:00 | Crear | Villager (Male) |
| 0:00 | Crear | Villager (Male) |
| 0:01 | Crear | Villager (Male) |
| 0:01 | Crear | Villager (Male) |
| 0:03 | Construir | House |
| 0:04 | Construir | House |
| 1:28 | Crear | Villager (Male) |
| 1:53 | Construir | Lumber Camp |
| 2:04 | Crear | Villager (Male) |
| 2:24 | Crear | Villager (Male) |
| 2:37 | Construir | House |
| 2:44 | Investigar | Loom |
| 2:45 | Crear | Villager (Male) |
| 3:17 | Crear | Villager (Male) |
| 3:21 | Crear | Villager (Male) |
| 3:37 | Crear | Villager (Male) |
| 3:43 | Crear | Villager (Male) |
| 4:32 | Crear | Villager (Male) |
| 5:00 | Construir | Mill |
| 5:01 | Crear | Villager (Male) |
| 5:02 | Crear | Villager (Male) |
| 6:23 | Crear | Villager (Male) |
| 6:43 | Construir | House |
| 7:06 | Crear | Villager (Male) |
| 7:07 | Crear | Villager (Male) |
| 7:12 | Crear | Villager (Male) |
| 7:13 | Crear | Villager (Male) |
| 7:18 | Crear | Villager (Male) |
| 7:37 | Construir | Lumber Camp |
| 7:38 | Crear | Villager (Male) |
| 7:53 | Crear | Villager (Male) |
| 8:08 | Construir | House |
| 9:03 | Crear | Villager (Male) |
| 9:22 | Construir | Mining Camp |
| 9:23 | Crear | Villager (Male) |
| 9:48 | Construir | Farm |
| 9:49 | Construir | Farm |
| 10:04 | Construir | Farm |
| 10:05 | Construir | Farm |
| 10:06 | Crear | Villager (Male) |
| 10:08 | Crear | Villager (Male) |
| 10:16 | Investigar | Feudal Age |
| 10:33 | Construir | House |
| 10:45 | Construir | Barracks |
| 10:48 | Crear | Villager (Male) |
| 11:04 | Crear | Villager (Male) |
| 11:48 | Construir | House |
| 11:50 | Crear | Villager (Male) |
| 12:11 | Crear | Villager (Male) |
| 12:14 | Construir | Farm |
| 12:15 | Construir | Farm |
| 12:15 | Construir | Farm |
| 12:16 | Construir | Farm |
| 12:36 | Edad | Edad Feudal |
| 12:37 | Construir | House |
| 12:42 | Crear | Spearman |
| 12:48 | Investigar | Man-at-Arms (upgrade) |
| 12:59 | Crear | Villager (Male) |
| 13:20 | Construir | Blacksmith |
| 13:24 | Construir | Market |
| 13:33 | Crear | Villager (Male) |
| 14:09 | Crear | Militia |
| 14:09 | Crear | Militia |
| 14:19 | Construir | Archery Range |
| 14:22 | Crear | Villager (Male) |
| 14:28 | Crear | Villager (Male) |
| 14:49 | Crear | Militia |
| 15:04 | Construir | Farm |
| 15:16 | Crear | Militia |
| 15:18 | Crear | Villager (Male) |
| 15:21 | Construir | House |
| 15:26 | Construir | Farm |
| 15:26 | Construir | Farm |
| 15:27 | Construir | Farm |
| 15:27 | Construir | Farm |
| 15:33 | Construir | Farm |
| 15:36 | Crear | Militia |
| 15:41 | Crear | Archer |
| 15:41 | Crear | Archer |
| 15:41 | Crear | Archer |
| 15:42 | Crear | Archer |
| 16:36 | Construir | Archery Range |
| 16:49 | Investigar | Double-Bit Axe |
| 16:52 | Investigar | Horse Collar |
| 16:55 | Crear | Militia |
| 17:02 | Crear | Villager (Male) |
| 17:06 | Construir | House |
| 17:07 | Construir | House |
| 17:13 | Investigar | Arson |
| 17:17 | Crear | Archer |
| 17:17 | Crear | Archer |
| 17:18 | Crear | Archer |
| 17:18 | Crear | Archer |
| 17:34 | Construir | Watch Tower |
| 17:47 | Crear | Archer |
| 18:00 | Crear | Villager (Male) |
| 18:01 | Crear | Villager (Male) |
| 18:31 | Crear | Villager (Male) |
| 18:42 | Investigar | Fletching |
| 18:44 | Crear | Villager (Male) |
| 19:06 | Crear | Villager (Male) |
| 19:07 | Crear | Villager (Male) |
| 19:13 | Construir | Mining Camp |
| 19:14 | Crear | Villager (Male) |
| 19:18 | Crear | Archer |
| 19:18 | Crear | Archer |
| 19:19 | Crear | Archer |
| 19:42 | Crear | Villager (Male) |
| 19:42 | Crear | Villager (Male) |
| 20:12 | Construir | House |
| 20:14 | Construir | House |
| 20:16 | Construir | Farm |
| 20:18 | Construir | Farm |
| 20:34 | Construir | Watch Tower |
| 20:55 | Investigar | Forging |
| 21:09 | Crear | Villager (Male) |
| 21:09 | Crear | Villager (Male) |
| 21:19 | Crear | Militia |
| 21:19 | Crear | Militia |
| 21:19 | Crear | Militia |
| 22:02 | Crear | Militia |
| 22:02 | Crear | Militia |
| 22:02 | Crear | Militia |
| 22:03 | Crear | Militia |
| 22:03 | Crear | Militia |
| 22:04 | Crear | Militia |
| 22:13 | Crear | Villager (Male) |
| 22:20 | Construir | Mining Camp |
| 22:36 | Crear | Villager (Male) |
| 22:40 | Construir | Mining Camp |
| 22:41 | Crear | Villager (Male) |
| 24:05 | Construir | Lumber Camp |
| 24:12 | Construir | Farm |
| 24:13 | Construir | Farm |
| 24:30 | Construir | Stone Wall |
| 25:56 | Construir | Building 665 |
| 26:01 | Crear | Villager (Male) |
| 26:08 | Investigar | Castle Age |
| 26:09 | Crear | Villager (Male) |
| 26:28 | Crear | Villager (Male) |
| 26:39 | Crear | Archer ×5 |
| 26:39 | Crear | Archer ×5 |
| 26:39 | Crear | Archer ×5 |
| 26:40 | Crear | Archer ×5 |
| 26:40 | Crear | Archer ×5 |
| 26:40 | Crear | Archer ×5 |
| 26:40 | Crear | Archer |
| 26:46 | Crear | Militia |
| 26:47 | Crear | Militia |
| 26:53 | Crear | Villager (Male) |
Build order — carlosgosilvamayorga
Primeras 150 de 644 acciones detectadas
| 0:04 | Crear | Villager (Male) |
| 0:06 | Crear | Villager (Male) |
| 0:06 | Crear | Villager (Male) |
| 0:06 | Crear | Villager (Male) |
| 0:06 | Crear | Villager (Male) |
| 0:08 | Construir | House |
| 0:10 | Construir | House |
| 1:33 | Crear | Villager (Male) |
| 2:06 | Crear | Villager (Male) |
| 2:48 | Crear | Villager (Male) |
| 2:49 | Crear | Villager (Male) |
| 2:49 | Crear | Villager (Male) |
| 3:12 | Crear | Villager (Male) |
| 3:28 | Crear | Villager (Male) |
| 4:09 | Crear | Villager (Male) |
| 4:09 | Crear | Villager (Male) |
| 4:15 | Construir | House |
| 4:29 | Crear | Villager (Male) |
| 4:45 | Crear | Villager (Male) |
| 4:48 | Construir | Lumber Camp |
| 4:51 | Crear | Villager (Male) |
| 5:54 | Crear | Villager (Male) |
| 6:04 | Construir | Mill |
| 6:51 | Investigar | Loom |
| 7:59 | Investigar | Feudal Age |
| 8:41 | Construir | Mill |
| 9:58 | Crear | Villager (Male) |
| 9:58 | Crear | Villager (Male) |
| 9:59 | Crear | Villager (Male) |
| 9:59 | Crear | Villager (Male) |
| 10:09 | Edad | Edad Feudal |
| 10:10 | Investigar | Double-Bit Axe |
| 10:14 | Construir | House |
| 11:09 | Construir | Market |
| 11:12 | Construir | Blacksmith |
| 11:15 | Construir | House |
| 11:23 | Crear | Villager (Male) |
| 11:24 | Crear | Villager (Male) |
| 11:33 | Construir | Mining Camp |
| 11:35 | Construir | House |
| 12:03 | Construir | Mining Camp |
| 12:05 | Construir | House |
| 12:07 | Construir | House |
| 12:48 | Construir | House |
| 12:53 | Construir | House |
| 12:55 | Crear | Villager (Male) |
| 12:55 | Crear | Villager (Male) |
| 13:55 | Construir | Barracks |
| 14:09 | Construir | House |
| 14:11 | Construir | House |
| 14:21 | Crear | Villager (Male) |
| 14:22 | Crear | Villager (Male) |
| 14:22 | Crear | Villager (Male) |
| 14:23 | Crear | Villager (Male) |
| 14:48 | Construir | Donjon |
| 15:10 | Construir | Farm |
| 15:13 | Investigar | Horse Collar |
| 15:38 | Construir | Farm |
| 15:44 | Construir | Farm |
| 15:49 | Construir | Farm |
| 15:52 | Construir | Farm |
| 16:08 | Construir | Farm |
| 16:12 | Crear | Serjeant |
| 16:13 | Crear | Serjeant |
| 16:13 | Crear | Serjeant |
| 16:13 | Crear | Serjeant |
| 16:14 | Crear | Serjeant |
| 16:37 | Construir | Mill |
| 16:41 | Crear | Villager (Male) |
| 16:41 | Crear | Villager (Male) |
| 16:52 | Investigar | Scale Mail Armor |
| 17:15 | Construir | Donjon |
| 17:26 | Crear | Villager (Male) |
| 17:54 | Construir | Donjon |
| 18:02 | Construir | Farm |
| 18:04 | Construir | Farm |
| 18:06 | Crear | Villager (Male) |
| 18:28 | Crear | Serjeant |
| 18:28 | Crear | Serjeant |
| 18:38 | Construir | House |
| 18:49 | Crear | Serjeant |
| 18:50 | Crear | Serjeant |
| 18:50 | Crear | Serjeant |
| 18:50 | Crear | Serjeant |
| 18:52 | Crear | Serjeant |
| 19:03 | Crear | Villager (Male) |
| 19:19 | Construir | Donjon |
| 19:30 | Crear | Serjeant |
| 19:30 | Crear | Serjeant |
| 19:35 | Construir | Farm |
| 20:24 | Crear | Serjeant |
| 20:34 | Crear | Serjeant |
| 20:34 | Crear | Villager (Male) |
| 20:51 | Crear | Serjeant |
| 21:13 | Construir | Donjon |
| 21:24 | Crear | Serjeant |
| 21:31 | Crear | Villager (Male) |
| 21:31 | Crear | Villager (Male) |
| 21:34 | Construir | Farm |
| 21:54 | Crear | Serjeant |
| 21:58 | Crear | Villager (Male) |
| 22:01 | Construir | Farm |
| 22:18 | Crear | Spearman |
| 22:39 | Crear | Serjeant |
| 22:45 | Construir | Stable |
| 23:03 | Construir | Farm |
| 23:09 | Investigar | Stone Mining |
| 23:27 | Crear | Scout Cavalry |
| 23:28 | Crear | Scout Cavalry |
| 23:36 | Crear | Serjeant |
| 23:50 | Construir | Farm |
| 24:16 | Crear | Scout Cavalry |
| 24:21 | Investigar | Scale Barding Armor |
| 24:22 | Crear | Villager (Male) |
| 24:42 | Construir | Donjon |
| 25:01 | Crear | Serjeant |
| 25:01 | Crear | Serjeant |
| 25:06 | Crear | Serjeant |
| 25:15 | Construir | House |
| 25:16 | Construir | House |
| 25:17 | Construir | House |
| 25:47 | Crear | Serjeant |
| 25:47 | Crear | Serjeant |
| 25:58 | Construir | Donjon |
| 26:05 | Crear | Serjeant |
| 26:05 | Crear | Serjeant |
| 26:18 | Crear | Serjeant |
| 26:19 | Crear | Serjeant |
| 26:23 | Crear | Villager (Male) |
| 26:24 | Crear | Villager (Male) |
| 26:39 | Crear | Scout Cavalry |
| 27:03 | Construir | Donjon |
| 27:10 | Construir | Donjon |
| 27:14 | Crear | Villager (Male) |
| 27:17 | Construir | Farm |
| 27:37 | Construir | Donjon |
| 27:50 | Crear | Serjeant |
| 27:50 | Crear | Serjeant |
| 27:50 | Crear | Serjeant |
| 27:50 | Crear | Serjeant |
| 27:51 | Crear | Serjeant |
| 27:56 | Construir | Mining Camp |
| 28:48 | Crear | Scout Cavalry |
| 28:59 | Crear | Serjeant |
| 29:00 | Crear | Serjeant |
| 29:00 | Crear | Serjeant |
| 29:03 | Crear | Scout Cavalry |
| 29:07 | Construir | Farm |
| 29:52 | Construir | Donjon |
| 29:54 | Crear | Serjeant |
Cronología de la partida
| 10:09 | carlosgosilvamayorga · age_up feudal |
| 10:45 | wookieesaurus teacup · first_building Barracks |
| 12:36 | wookieesaurus teacup · age_up feudal |
| 13:55 | carlosgosilvamayorga · first_building Barracks |
| 14:19 | wookieesaurus teacup · first_building Archery Range |
| 14:48 | carlosgosilvamayorga · first_building Donjon |
| 17:54 | wookieesaurus teacup · first_market_sell 100 wood |
| 22:45 | carlosgosilvamayorga · first_building Stable |
| 24:30 | wookieesaurus teacup · wall_segment Stone Wall x7 |
| 26:12 | carlosgosilvamayorga · first_market_sell 100 wood |
| 26:14 | carlosgosilvamayorga · first_market_buy 100 food |
| 29:00 | wookieesaurus teacup · first_building Stable |
| 29:06 | wookieesaurus teacup · age_up castle |
| 29:19 | wookieesaurus teacup · first_building Castle |
| 31:57 | carlosgosilvamayorga · first_building Archery Range |
| 33:41 | wookieesaurus teacup · first_market_buy 100 wood |
| 33:50 | carlosgosilvamayorga · age_up castle |
| 36:58 | wookieesaurus teacup · first_building Siege Workshop |
| 39:32 | carlosgosilvamayorga · first_building Castle |
| 41:17 | wookieesaurus teacup · wall_segment Stone Wall x4 |
| 41:18 | carlosgosilvamayorga · first_building Siege Workshop |
| 57:07 | wookieesaurus teacup · wall_segment Stone Wall x7 |
| 59:35 | wookieesaurus teacup · age_up imperial |
| 62:57 | wookieesaurus teacup · wall_segment Stone Wall x8 |
| 64:56 | carlosgosilvamayorga · age_up imperial |
| 66:54 | carlosgosilvamayorga · first_building Monastery |
| 69:18 | wookieesaurus teacup · first_building Monastery |
| 84:34 | wookieesaurus teacup · wall_segment Stone Wall x7 |
| 87:27 | carlosgosilvamayorga · resign |
[ ANÁLISIS IA · 1 CRÉDITO ]
¿Qué pasó realmente en esta partida?
Wolo.gg analiza cada decisión: build order, eco, micro, errores típicos por bracket. Análisis personalizado por WhatsApp o Discord en 30 segundos.
Guía civ
Vietnamitas
Guía mapa
Arabia
Perfil
wookieesaurus teacup